 Dungeon Sprint DCSS version 0.17-a0-1685-g57e755e (webtiles) character file.

23400000 patman the Axe Maniac (level 27, -180/273 HPs)
             Began as a Ghoul Warper on Aug 19, 2015.
             Was the Champion of Makhleb.
             Annihilated by a fleshlord
             ... wielding a +9 great mace
              (405 damage)
             ... in the Dungeon (Sprint VIII: "Arena of Blood").
             The game lasted 00:11:45 (234 turns).

patman the Axe Maniac (Ghoul Warper)                 Turns: 234, Time: 00:11:46

Health: -180/273   AC:  6    Str: 19    XL:     27
Magic:  53/53      EV: 32    Int:  8    God:    Makhleb [******]
Gold:   0          SH:  0    Dex: 17    Spells: 1 memorised, 79 levels left

rFire  + . .     SeeInvis +     l - +∞ Axe of Woe
rCold  + . .     Clarity  .     b - +0 leather armour
rNeg   + + +     SustAt   .     (no shield)
rPois  ∞         Gourm    .     (no helmet)
rElec  .         Spirit   .     (no cloak)
rCorr  .         Warding  .     (no gloves)
rMut   .         NoTele   +     (no boots)
MR     ++...                    (no amulet)
Stlth  +.........               n - ring of protection from fire
                                m - ring of see invisible

@: confused, very slightly contaminated, rotting, hasted and slowed, very
resistant to hostile enchantments, very unstealthy
A: rotting body, claws 1, carnivore 3, cold resistance 1, negative energy
resistance 3, slow healing 1, torment resistance, unbreathing
a: Minor Destruction, Lesser Servant of Makhleb, Major Destruction, Greater
Servant of Makhleb, Renounce Religion
0: Orb of Zot


You were in the Dungeon.
You worshipped Makhleb.
Makhleb was exalted by your worship.
You were not hungry.

You visited 1 branch

Inventory:

Hand weapons
 a - a +0 hand axe
 l - the +∞ Axe of Woe (weapon)
   (You found it in the Dungeon)
Missiles
 e - 5 tomahawks of dispersal (quivered)
Armour
 b - a +0 leather armour (worn)
Jewellery
 m - a ring of see invisible (left claw)
 n - a ring of protection from fire (right claw)
 o - a +30 ring of slaying
Scrolls
 d - a scroll of blinking
Potions
 g - a potion of curing
 h - a potion of heal wounds
 j - 2 potions of magic
 k - a potion of berserk rage
Books
 c - a book of Spatial Translocations

   Spells                             Type                      Level
   a - Apportation                    Translocation                1
   b - Blink                          Translocation                2
   c - Shroud of Golubria             Charms/Translocation         2
   d - Portal Projectile              Translocation                3
   e - Teleport Other                 Translocation                3
   f - Passage of Golubria            Translocation                4
Comestibles
 f - a meat ration


   Skills:
 O Level 27 Fighting
 O Level 27 Axes
 O Level 27 Throwing
 O Level 27 Armour
 O Level 27 Dodging
 O Level 27 Stealth
 O Level 27 Unarmed Combat
 O Level 27 Spellcasting
 O Level 27 Translocations
 O Level 27 Invocations


You had 79 spell levels left.
You knew the following spells:

 Your Spells              Type           Power        Failure   Level  Hunger
a - Apportation           Tloc           ######....   0%          1    None


Dungeon Overview and Level Annotations

Branches:
Dungeon (1/1)

Altars:
Makhleb


Innate Abilities, Weirdness & Mutations

Your body is rotting away.
You thrive on raw meat.
You are immune to poison.
You have sharp fingernails.
You are carnivorous and can eat meat at any time.
Your flesh is cold resistant.
You are immune to negative energy.
You heal slowly when monsters are visible.
You are immune to unholy pain and torment.
You can survive without breathing.


Message History

The observer gazes at you. Something smites you!
The wretched soul appears confused.
The observer gazes at you. Something smites you!
The scourge throws poison arrow at you.
The poison arrow hits the observer.
The observer partially resists.
The observer is poisoned.
You hear a shout! x2
You are confused.
You hear a shout!
An observer comes into view.
Unknown command.
Unknown command.
Unknown command.
A hydra, a hell knight and a phantom come into view.
The bag of meat shouts!
The fleshlord shouts!
The wretched soul appears confused.
The fleshlord hits you with a +9 great mace!!!!!!
Ouch! That really hurt!
You die...

#......)#...D........x#..))#
#.....).#)DDp..p.....#...))#
......)))oG...9..........))#
......)))WpW#.D.#Wx....##).#
....).§)§Do#.O.G#9G.D.##)).#
....)))).##..DWO#..o.9#)...#
....))§)#.W.S.G#D)†W.#)....#
.....)§)#...###W.)...)%%...#
.#....)§§...W...@pGX.†.....#
.......C.........).)))..####
.%#....%####......)..####
......)).§#)..)...##.#
........%))...)#### #.#
.%.......)..#### #.#
############# #.


You could see an Orb Guardian, 7 eight-headed meat hydras, 5 observers, 4
fleshlords, 2 wretched souls, 5 dreads, 3 viles, 2 meat berserkers and 3 bags of
meat.

Vanquished Creatures
  2 molten gargoyles (D)
  Dispater (D)
  12 hell knights (D)
  14 hell beasts (D)
  6 greater mummies (D)
  12 great orbs of eyes (D)
  5 wraiths (D)
  Harold (D)
  12 vampire knights (D)
  37 ogres (D)
  8 liches (D)
  8 hydras (D)
  66 orcs (D)
  4 phantoms (D)
  10 hill giants (D)
  6 skeletal warriors (D)
  6 sea snakes (D)
  6 large abominations (D)
  7 small abominations (D)
  9 crawling corpses (D)
232 creatures vanquished.

Vanquished Creatures (others)
  A small abomination (D)
  7 crawling corpses (D)
8 creatures vanquished.

Grand Total: 240 creatures vanquished

Notes
Turn   | Place    | Note
--------------------------------------------------------------
     0 | D        | patman the Ghoul Warper began the quest for the Orb.
     0 | D        | Reached XP level 1. HP: 17/17 MP: 2/2
     3 | D        | Noticed a bag of meat
     3 | D        | Noticed a bag of meat
     4 | D        | Became a worshipper of Makhleb the Destroyer
     5 | D        | Noticed a bag of meat
     6 | D        | Noticed a bag of meat
     6 | D        | Noticed a bag of meat
     6 | D        | Noticed a bag of meat
     7 | D        | Killed a bag of meat
     7 | D        | Reached skill level 24 in Axes
     7 | D        | Reached XP level 2. HP: 24/24 MP: 3/3
     7 | D        | Reached XP level 3. HP: 29/29 MP: 4/4
     7 | D        | Reached XP level 4. HP: 36/36 MP: 5/5
     7 | D        | Reached XP level 5. HP: 41/41 MP: 6/6
     7 | D        | Reached XP level 6. HP: 48/48 MP: 7/7
     7 | D        | Reached XP level 7. HP: 55/55 MP: 8/8
     7 | D        | Reached XP level 8. HP: 61/61 MP: 9/9
     7 | D        | Reached XP level 9. HP: 67/67 MP: 10/10
     7 | D        | Reached XP level 10. HP: 73/73 MP: 11/11
     7 | D        | Reached XP level 11. HP: 79/79 MP: 12/12
     7 | D        | Reached XP level 12. HP: 85/85 MP: 13/13
     7 | D        | Killed a bag of meat
     7 | D        | Acquired Makhleb's first power
     7 | D        | Reached skill level 27 in Axes
     7 | D        | Reached XP level 13. HP: 90/102 MP: 14/14
     8 | D        | Noticed a meat berserker
     8 | D        | Killed a bag of meat
     8 | D        | Reached XP level 14. HP: 94/141 MP: 15/15
     9 | D        | Noticed a meat berserker
     9 | D        | Killed a bag of meat
     9 | D        | Acquired Makhleb's second power
    10 | D        | Noticed a bag of meat
    11 | D        | Killed a meat berserker
    11 | D        | Reached skill level 27 in Fighting
    11 | D        | Reached XP level 15. HP: 135/174 MP: 16/16
    12 | D        | Killed a bag of meat
    12 | D        | Acquired Makhleb's third power
    12 | D        | Reached XP level 16. HP: 141/183 MP: 17/17
    13 | D        | Noticed a bag of meat
    13 | D        | Noticed a bag of meat
    14 | D        | Noticed a bag of meat
    14 | D        | Noticed a meat berserker
    14 | D        | Noticed a meat berserker
    14 | D        | Noticed a bag of meat
    14 | D        | Noticed a bag of meat
    14 | D        | Noticed a bag of meat
    14 | D        | Noticed a bag of meat
    14 | D        | Noticed a bag of meat
    14 | D        | Noticed a meat berserker
    15 | D        | Noticed a bag of meat
    16 | D        | Noticed a bag of meat
    16 | D        | Killed a bag of meat
    16 | D        | Killed a bag of meat
    17 | D        | Noticed a bag of meat
    17 | D        | Noticed a bag of meat
    17 | D        | Noticed a bag of meat
    17 | D        | Killed a meat berserker
    17 | D        | Acquired Makhleb's fourth power
    17 | D        | Reached skill level 27 in Dodging
    17 | D        | Reached skill level 5 in Translocations
    17 | D        | Reached XP level 17. HP: 191/191 MP: 18/18
    18 | D        | Killed a bag of meat
    19 | D        | Noticed a bag of meat
    19 | D        | Noticed a large bag of meat
    19 | D        | Killed a meat berserker
    19 | D        | Reached XP level 18. HP: 200/200 MP: 19/19
    19 | D        | Noticed a bag of meat
    20 | D        | Killed a meat berserker
    20 | D        | Acquired Makhleb's fifth power
    20 | D        | Killed a bag of meat
    20 | D        | Reached skill level 27 in Translocations
    20 | D        | Reached XP level 19. HP: 207/207 MP: 20/20
    21 | D        | Killed a bag of meat
    22 | D        | Noticed a bag of meat
    22 | D        | Noticed a meat berserker
    22 | D        | Noticed a bag of meat
    22 | D        | Killed a bag of meat
    22 | D        | Killed a bag of meat
    22 | D        | Reached skill level 27 in Stealth
    23 | D        | Noticed a meat berserker
    23 | D        | Noticed a meat berserker
    23 | D        | Noticed a meat berserker
    23 | D        | Noticed a large bag of meat
    24 | D        | Killed a large bag of meat
    24 | D        | Killed a meat berserker
    24 | D        | Reached XP level 20. HP: 216/216 MP: 21/21
    24 | D        | Killed a bag of meat
    24 | D        | Killed a bag of meat
    25 | D        | Noticed a bag of meat
    26 | D        | Noticed a meat berserker
    26 | D        | Killed a bag of meat
    26 | D        | Reached skill level 27 in Armour
    26 | D        | Reached skill level 10 in Invocations
    26 | D        | Killed a bag of meat
    26 | D        | Reached XP level 21. HP: 132/224 MP: 21/32
    26 | D        | Killed a bag of meat
    26 | D        | Killed a bag of meat
    26 | D        | Killed a bag of meat
    26 | D        | Reached skill level 27 in Invocations
    26 | D        | Killed a large bag of meat
    27 | D        | Noticed a bag of meat
    27 | D        | Killed a meat berserker
    27 | D        | Reached XP level 22. HP: 233/233 MP: 21/44
    27 | D        | Killed a bag of meat
    27 | D        | Killed a meat berserker
    28 | D        | Noticed a large bag of meat
    28 | D        | Noticed a large bag of meat
    28 | D        | Noticed a destroyer
    28 | D        | Noticed a bag of meat
    29 | D        | Noticed a large bag of meat
    29 | D        | Killed a destroyer
    29 | D        | Reached skill level 27 in Spellcasting
    29 | D        | Reached XP level 23. HP: 240/240 MP: 21/53
    29 | D        | Noticed a bag of meat
    30 | D        | Noticed a bag of meat
    30 | D        | Noticed a bag of meat
    30 | D        | Noticed a bag of meat
    30 | D        | Noticed a large bag of meat
    30 | D        | Noticed The Servant
    31 | D        | Noticed a meat berserker
    31 | D        | Noticed a bag of meat
    31 | D        | Killed a meat berserker
    31 | D        | Reached skill level 27 in Unarmed Combat
    31 | D        | Killed a meat berserker
    31 | D        | Killed a meat berserker
    32 | D        | Noticed a bag of meat
    32 | D        | Noticed a bag of meat
    32 | D        | Killed a bag of meat
    32 | D        | Reached XP level 24. HP: 249/249 MP: 22/53
    32 | D        | Killed a bag of meat
    32 | D        | Reached skill level 27 in Throwing
    33 | D        | Noticed a bag of meat
    33 | D        | Noticed a bag of meat
    33 | D        | Killed a large bag of meat
    33 | D        | Killed a large bag of meat
    33 | D        | Killed a bag of meat
    34 | D        | Noticed a sculptor of flesh
    34 | D        | Noticed a bag of meat
    35 | D        | Killed a large bag of meat
    37 | D        | Killed a bag of meat
    37 | D        | Killed a bag of meat
    38 | D        | Noticed a sculptor of flesh
    38 | D        | Noticed a bag of meat
    38 | D        | Noticed a sculptor of flesh
    39 | D        | Noticed a large bag of meat
    39 | D        | Noticed a destroyer
    39 | D        | Killed The Servant
    39 | D        | Reached XP level 25. HP: 225/257 MP: 24/53
    39 | D        | Killed a bag of meat
    39 | D        | Killed a bag of meat
    39 | D        | Killed a meat berserker
    39 | D        | Killed a bag of meat
    39 | D        | Killed a bag of meat
    40 | D        | Noticed a meat berserker
    40 | D        | Noticed a bag of meat
    40 | D        | Killed a bag of meat
    40 | D        | Reached XP level 26. HP: 266/266 MP: 24/53
    40 | D        | Killed a bag of meat
    40 | D        | Killed a bag of meat
    42 | D        | Noticed a bag of meat
    42 | D        | Killed a large bag of meat
    42 | D        | Killed a bag of meat
    42 | D        | Killed a bag of meat
    43 | D        | Noticed a large bag of meat
    43 | D        | Noticed a destroyer
    44 | D        | Killed a sculptor of flesh
    44 | D        | Killed a bag of meat
    44 | D        | Killed a bag of meat
    45 | D        | Noticed a destroyer
    46 | D        | Noticed a tyrant
    46 | D        | Noticed an accursed
    46 | D        | Killed a bag of meat
    46 | D        | Reached XP level 27. HP: 241/273 MP: 25/53
    46 | D        | Killed a bag of meat
    49 | D        | Noticed an accursed
    49 | D        | Killed a meat berserker
    49 | D        | Killed a sculptor of flesh
    51 | D        | Killed a large bag of meat
    52 | D        | Killed a sculptor of flesh
    53 | D        | Noticed a meat berserker
    53 | D        | Noticed a meat berserker
    54 | D        | Killed a destroyer
    54 | D        | Killed a meat berserker
    54 | D        | Killed an accursed
    55 | D        | Killed a tyrant
    56 | D        | Noticed a meat berserker
    58 | D        | Noticed a bag of meat
    59 | D        | Killed a meat berserker
    59 | D        | Killed a destroyer
    61 | D        | Killed a bag of meat
    62 | D        | Killed a large bag of meat
    63 | D        | Noticed an accursed
    65 | D        | Noticed a destroyer
    67 | D        | Noticed a bag of meat
    67 | D        | Killed a destroyer
    68 | D        | Noticed a large bag of meat
    68 | D        | Killed a meat berserker
    70 | D        | Noticed a meat berserker
    70 | D        | Noticed a bag of meat
    71 | D        | Killed a bag of meat
    72 | D        | Noticed a bag of meat
    72 | D        | Noticed a meat beast
    73 | D        | Killed a large bag of meat
    73 | D        | Killed a meat berserker
    74 | D        | Noticed a meat berserker
    74 | D        | Killed a meat beast
    76 | D        | Noticed a wretched soul
    76 | D        | Killed a bag of meat
    77 | D        | Noticed a meat berserker
    77 | D        | Killed a destroyer
    78 | D        | Killed a bag of meat
    82 | D        | Killed a meat berserker
    84 | D        | Killed a wretched soul
    84 | D        | Killed a meat berserker
    85 | D        | Noticed a destroyer
    86 | D        | Noticed a wretched soul
    88 | D        | Noticed a meat beast
    88 | D        | Noticed a meat berserker
    90 | D        | Noticed an observer
    90 | D        | Noticed a meat berserker
    91 | D        | Noticed a destroyer
    91 | D        | Noticed a meat beast
    92 | D        | Noticed a bag of meat
    92 | D        | Noticed a meat beast
    92 | D        | Noticed a bag of meat
    92 | D        | Noticed a bag of meat
    92 | D        | Noticed a bag of meat
    93 | D        | Noticed a bag of meat
    93 | D        | Noticed a bag of meat
    93 | D        | Noticed a destroyer
    93 | D        | Killed a meat berserker
    94 | D        | Noticed a bag of meat
    94 | D        | Noticed a bag of meat
    94 | D        | Noticed a dread
    94 | D        | Killed a meat berserker
    95 | D        | Noticed a meat berserker
    95 | D        | Killed a meat beast
    95 | D        | Killed a destroyer
    96 | D        | Noticed a meat berserker
    96 | D        | Noticed a bag of meat
    96 | D        | Noticed a bag of meat
    96 | D        | Noticed a meat berserker
    96 | D        | Noticed a bag of meat
    96 | D        | Noticed a dread
    97 | D        | Noticed a destroyer
    97 | D        | Noticed an accursed
    97 | D        | Noticed a bag of meat
    97 | D        | Noticed a bag of meat
    97 | D        | Noticed an accursed
    98 | D        | Noticed a bag of meat
    98 | D        | Noticed a bag of meat
    98 | D        | Killed a meat beast
    98 | D        | Killed a meat beast
    98 | D        | Killed a bag of meat
    98 | D        | Killed a bag of meat
    99 | D        | Noticed a large bag of meat
    99 | D        | Noticed a tyrant
    99 | D        | Killed a meat berserker
    99 | D        | Killed a bag of meat
    99 | D        | Killed a bag of meat
    99 | D        | Noticed a destroyer
    99 | D        | Noticed a bag of meat
   100 | D        | Noticed a bag of meat
   100 | D        | Noticed a meat berserker
   100 | D        | Noticed an observer
   100 | D        | Killed a destroyer
   100 | D        | Killed a destroyer
   100 | D        | Killed a bag of meat
   100 | D        | Killed a destroyer
   101 | D        | Noticed a bag of meat
   101 | D        | Killed an accursed
   101 | D        | Killed a bag of meat
   101 | D        | Killed a meat berserker
   101 | D        | Killed a meat berserker
   102 | D        | Noticed an observer
   102 | D        | Noticed a bag of meat
   102 | D        | Noticed a destroyer
   102 | D        | Killed a bag of meat
   102 | D        | Killed a destroyer
   102 | D        | Killed a dread
   103 | D        | Noticed a meat berserker
   103 | D        | Killed a bag of meat
   103 | D        | Killed an observer
   103 | D        | Noticed an observer
   104 | D        | Noticed a destroyer
   104 | D        | Killed a bag of meat
   104 | D        | Killed an observer
   105 | D        | Noticed a tyrant
   105 | D        | Killed a dread
   105 | D        | Killed a bag of meat
   106 | D        | Noticed a meat beast
   106 | D        | Killed an accursed
   106 | D        | Killed a bag of meat
   106 | D        | Killed a tyrant
   107 | D        | Noticed a dread
   107 | D        | Noticed a sculptor of flesh
   107 | D        | Killed a meat berserker
   107 | D        | Killed an observer
   107 | D        | Killed a destroyer
   107 | D        | Killed a bag of meat
   108 | D        | Killed a destroyer
   109 | D        | Killed a bag of meat
   110 | D        | Noticed a bag of meat
   110 | D        | Noticed a bag of meat
   110 | D        | Killed an accursed
   110 | D        | Killed a bag of meat
   110 | D        | Killed a bag of meat
   111 | D        | Killed a bag of meat
   112 | D        | Killed a large bag of meat
   112 | D        | Killed a meat beast
   113 | D        | Killed an observer
   113 | D        | Killed a dread
   113 | D        | Killed a meat berserker
   114 | D        | Noticed a meat beast
   114 | D        | Killed a bag of meat
   115 | D        | Killed an accursed
   117 | D        | Killed a meat beast
   117 | D        | Killed a bag of meat
   118 | D        | Killed a sculptor of flesh
   119 | D        | Killed a tyrant
   119 | D        | Killed a bag of meat
   121 | D        | Killed a bag of meat
   121 | D        | Killed a bag of meat
   124 | D        | Noticed a meat berserker
   126 | D        | Noticed a fleshlord
   127 | D        | Noticed an observer
   128 | D        | Killed a meat berserker
   131 | D        | Noticed a meat berserker
   132 | D        | Noticed a fleshlord
   134 | D        | Killed a fleshlord
   134 | D        | Killed a meat berserker
   135 | D        | Killed a fleshlord
   138 | D        | Killed an observer
   139 | D        | Killed a wretched soul
   140 | D        | Noticed a dread
   141 | D        | Noticed a meat berserker
   142 | D        | Noticed an observer
   142 | D        | Killed a meat berserker
   143 | D        | Noticed a meat berserker
   144 | D        | Killed a dread
   144 | D        | Noticed a bag of meat
   144 | D        | Noticed a bag of meat
   145 | D        | Killed an observer
   146 | D        | Noticed a bag of meat
   146 | D        | Noticed a fleshlord
   146 | D        | Noticed a meat berserker
   146 | D        | Noticed an observer
   146 | D        | Killed a meat berserker
   149 | D        | Killed a meat berserker
   150 | D        | Killed an observer
   151 | D        | Killed a bag of meat
   152 | D        | Noticed an observer
   152 | D        | Killed a bag of meat
   153 | D        | Killed a fleshlord
   154 | D        | Killed an observer
   160 | D        | Noticed a meat beast
   160 | D        | Noticed an observer
   162 | D        | Noticed a meat beast
   164 | D        | Noticed a bag of meat
   164 | D        | Killed a meat beast
   165 | D        | Killed a bag of meat
   166 | D        | Noticed a fleshlord
   169 | D        | Noticed a meat berserker
   169 | D        | Killed a fleshlord
   169 | D        | Killed a meat berserker
   172 | D        | Noticed a tyrant
   177 | D        | Noticed a meat berserker
   179 | D        | Noticed a fleshlord
   180 | D        | Killed a meat berserker
   182 | D        | Noticed a fleshlord
   182 | D        | Noticed a sculptor of flesh
   182 | D        | Killed a tyrant
   183 | D        | Noticed a sculptor of flesh
   185 | D        | Killed a fleshlord
   186 | D        | Killed a fleshlord
   188 | D        | Killed a sculptor of flesh
   192 | D        | Killed a sculptor of flesh
   193 | D        | Noticed a meat berserker
   193 | D        | Noticed an observer
   195 | D        | Noticed a bag of meat
   195 | D        | Noticed a meat berserker
   195 | D        | Noticed a tyrant
   195 | D        | Noticed a meat beast
   195 | D        | Noticed a fleshlord
   195 | D        | Noticed a tyrant
   195 | D        | Noticed a fleshlord
   195 | D        | Noticed a meat beast
   196 | D        | Noticed a meat beast
   196 | D        | Noticed an observer
   197 | D        | Noticed a wretched soul
   197 | D        | Noticed a wretched soul
   198 | D        | Killed a meat berserker
   199 | D        | Killed an observer
   200 | D        | Noticed a tyrant
   200 | D        | Killed a meat berserker
   201 | D        | Noticed a fleshlord
   202 | D        | Noticed a meat beast
   203 | D        | Noticed an observer
   203 | D        | Killed a tyrant
   204 | D        | Noticed a dread
   205 | D        | Noticed a fleshlord
   205 | D        | Killed a tyrant
   205 | D        | Killed a meat beast
   206 | D        | Killed a tyrant
   207 | D        | Killed a meat beast
   208 | D        | Noticed a fleshlord
   209 | D        | Killed a meat beast
   209 | D        | Killed a fleshlord
   211 | D        | Killed a fleshlord
   213 | D        | Killed a fleshlord
   213 | D        | Killed a fleshlord
   214 | D        | Killed a dread
   215 | D        | Noticed a meat berserker
   215 | D        | Killed a meat beast
   216 | D        | Killed an observer
   217 | D        | Noticed an observer
   217 | D        | Killed a wretched soul
   218 | D        | Noticed an observer
   218 | D        | Noticed The Meatlord
   219 | D        | Noticed an accursed
   219 | D        | Noticed a vile
   219 | D        | Noticed a tyrant
   219 | D        | Noticed an observer
   220 | D        | Noticed a fleshlord
   220 | D        | Killed The Meatlord
   220 | D        | Killed an observer
   221 | D        | Noticed a meat beast
   221 | D        | Got the Orb of Zot
   222 | D        | Killed a vile
   222 | D        | Killed a tyrant
   222 | D        | Killed a meat berserker
   224 | D        | Killed an observer
   225 | D        | Noticed a meat berserker
   225 | D        | Killed a meat beast
   226 | D        | Killed an accursed
   226 | D        | Killed a wretched soul
   228 | D        | Noticed an observer
   228 | D        | Noticed an observer
   228 | D        | Noticed a vile
   228 | D        | Noticed a wretched soul
   229 | D        | Noticed a dread
   229 | D        | Noticed a meat berserker
   229 | D        | Noticed a meat beast
   229 | D        | Noticed a dread
   229 | D        | Noticed a vile
   229 | D        | Noticed a fleshlord
   229 | D        | Killed a fleshlord
   229 | D        | Killed a meat beast
   229 | D        | Killed a meat berserker
   230 | D        | Noticed a dread
   230 | D        | Killed a vile
   230 | D        | Killed a fleshlord
   231 | D        | Noticed a meat berserker
   231 | D        | Noticed a bag of meat
   231 | D        | Noticed a meat berserker
   231 | D        | Noticed a fleshlord
   232 | D        | Noticed a vile
   232 | D        | Noticed a fleshlord
   232 | D        | Noticed a dread
   232 | D        | Noticed a dread
   232 | D        | Noticed a vile
   232 | D        | Killed a meat beast
   233 | D        | Noticed a wretched soul
   233 | D        | Killed a meat berserker
   234 | D        | Noticed an observer
   234 | D        | Noticed a wretched soul
   234 | D        | Noticed a fleshlord
   234 | D        | Annihilated by a fleshlord

Vault maps used:
D:        meatsprint

Action                   |  1- 3 |  4- 6 |  7- 9 | 10-12 | 13-15 | 16-18 | 19-21 | 22-24 | 25-27 || total
-------------------------+-------+-------+-------+-------+-------+-------+-------+-------+-------++-------
Melee: Executioner's axe |     1 |       |       |       |     4 |     5 |     5 |     7 |   105 ||   127
 Cast: Apportation       |       |       |       |       |       |       |       |       |     2 ||     2
  Use: Scroll            |       |       |       |       |       |       |       |       |     1 ||     1
       Potion            |       |       |       |       |       |       |       |       |     1 ||     1
